 Dungeon Crawl Stone Soup version 0.29.0-13-gc9e81de378 (webtiles) character file.

Game seed: 9486922356540220019

3287 Ofeo the Magician (level 10, -29/81 HPs)
             Began as a Meteoran Earth Elementalist on Sept 8, 2022.
             Was a Follower of Vehumet.
             Annihilated by an orc warlord
             ... wielding a +2 battleaxe
              (38 damage)
             ... in a bailey.
             The game lasted 00:23:10 (2066 turns).

Ofeo the Magician (Meteoran Earth Elementalist)     Turns: 2066, Time: 00:23:11

Health: -29/81     AC:  9    Str:  9    XL:     10   Next: 43%
Magic:  0/21       EV: 15    Int: 27    God:    Vehumet [*.....]
Gold:   177        SH:  0    Dex: 16    Spells: 5/23 levels left

rFire   . . .      SeeInvis .   m - +1 short sword (protect)
rCold   . . .      Faith    .   (no shield)
rNeg    . . .      Spirit   .   z - +0 steam dragon scales
rPois   .          Reflect  .   g - +0 hat
rElec   .          Harm     .   (no cloak)
rCorr   .          Rampage  .   (no gloves)
Will    +....                   (no boots)
Stlth   +.........              w - amulet of magic regeneration
HPRegen 0.23/turn               r - +4 ring of protection
MPRegen 0.57/turn               y - +6 ring of intelligence

@: very slightly contaminated, glowing
A: sense surroundings 2, otherworldly, glowing, explore regen
a: Renounce Religion


You were in a bailey.
You worshipped Vehumet.
Vehumet was aware of your devotion.
You visited 2 branches of the dungeon, and saw 10 of its levels.
You also visited: Ossuary and Bailey.

You collected 206 gold pieces.
You spent 29 gold pieces at shops.

Inventory:

Hand Weapons
 b - a +0 falchion
 m - a +1 short sword of protection (weapon)
Missiles
 f - 4 poisoned darts
 A - 11 boomerangs
Armour
 a - a +0 robe
 g - a +0 hat (worn)
 s - the +2 ring mail of Catatonia {Str+7 Dex-5}
   (You found it on level 7 of the Dungeon)

   Str:       It affects your strength (+7).
   Dex:       It affects your dexterity (-5).
 z - +0 steam dragon scales (worn)
Magical Staves
 j - a staff of poison
Jewellery
 r - a +4 ring of protection (left hand)
 w - an amulet of magic regeneration (around neck)
 y - a +6 ring of intelligence (right hand)
Scrolls
 c - a scroll of immolation
 d - 2 scrolls of vulnerability
 i - a scroll of acquirement {unknown}
 t - 4 scrolls of teleportation {@r3}
 x - a scroll of enchant armour {unknown}
 B - a scroll of fear {unknown}
 C - a scroll of butterflies {unknown}
 D - a scroll of blinking {unknown}
Potions
 e - 11 potions of degeneration
 h - 4 potions of cancellation
 k - 3 potions of lignification {unknown}
 l - a potion of ambrosia
 n - 3 potions of might {@q4}
 o - a potion of attraction
 p - 2 potions of flight
 q - a potion of curing {@q1}
 u - a potion of heal wounds {unknown}
 v - a potion of mutation {unknown}


   Skills:
 + Level 5.4 Fighting
 + Level 7.1 Dodging
 + Level 4.8 Stealth
 + Level 7.2 Spellcasting
 + Level 2.4 Conjurations
 + Level 2.4 Translocations
 - Level 6.0 Transmutations
 + Level 2.3 Ice Magic
 - Level 7.0 Earth Magic


You had 5 spell levels left.
You knew the following spells:

 Your Spells              Type           Power      Damage    Failure   Level
a - Sandblast             Erth           94%        2d19      1%          1
b - Passwall              Tmut/Erth      37%        N/A       1%          2
c - Stone Arrow           Conj/Erth      70%        3d11      2%          3
d - Petrify               Tmut/Erth      45%        N/A       3%          4
e - Iskenderun's Mystic   Conj/Tloc      23%        2d6       21%         4
f - Hailstorm             Conj/Ice       22%        3d7       22%         4

Your spell library contained the following spells:

 Spells                   Type           Power      Damage    Failure   Level
 Magic Dart               Conj           92%        1d7       1%          1
 Freeze                   Ice            88%        1d10      2%          1
 Foxfire                  Conj/Fire      64%        2x1d7     3%          1
 Frozen Ramparts          Ice            44%        1d7       7%          3
 Lee's Rapid Deconstruct  Erth           23%        3d14*     9%          5
 Conjure Flame            Conj/Fire      16%        6-21      11%         3
 Inner Flame              Hex/Fire       9%         N/A       17%         3
 Flame Wave               Conj/Fire      16%        2d7       34%         4
 Fulminant Prism          Conj/Hex       8%         3d7       34%         4
 Anguish                  Hex/Necr       4%         N/A       50%         4
 Enfeeble                 Hex            4%         N/A       100%        7


Dungeon Overview and Level Annotations

Branches:
Dungeon (9/15) Zot: 3636   Temple (1/1) D:5 Zot: 558 Ossuary (visited)
 Bailey (1/1) Zot: 435
   Lair: D:8-11         Orc: D:9-12

Altars:
Dithmenos
Elyvilon
Fedhas
Gozag
Hepliaklqana
Nemelex Xobeh
Okawaru
Qazlal
Ru
Sif Muna
Trog
Vehumet
Wu Jian
Yredelemnul
Zin
The Shining One

Shops:
D:5 *


Innate Abilities, Weirdness & Mutations

You passively map the area around you.
You are easily found by Zot.
You glow in the dark.
You regain HP and MP as you explore.


Message History

Casting: Petrify (dangerous; 3% risk of failure)
Confirm with . or Enter, or press ? or * to list all spells.
Aiming: Petrify (dangerous; 3% risk of failure)
Press: ? - help, Shift-Dir - straight line, f/p - orc warlord
Aim: an orc warlord, wielding a +2 battleaxe and wearing a +0 plate armour (chance to affect: 34%)
The orc warlord easily resists.
The orc warlord barely misses you.
You now have 11/21 mp.
Casting: Petrify (dangerous; 3% risk of failure)
Confirm with . or Enter, or press ? or * to list all spells.
Aiming: Petrify (dangerous; 3% risk of failure)
Press: ? - help, Shift-Dir - straight line, f/p - orc warlord
Aim: an orc warlord, wielding a +2 battleaxe and wearing a +0 plate armour (chance to affect: 34%)
You miscast Petrify.
You are very lightly contaminated with residual magic.
Your body is twisted painfully.
The orc warlord hits you with a +2 battleaxe!
You take 7 damage, and have 39/81 hp.
You now have 7/21 mp.
Casting: Petrify (dangerous; 3% risk of failure)
Confirm with . or Enter, or press ? or * to list all spells.
Aiming: Petrify (dangerous; 3% risk of failure)
Press: ? - help, Shift-Dir - straight line, f/p - orc warlord
Aim: an orc warlord, wielding a +2 battleaxe and wearing a +0 plate armour (chance to affect: 34%)
The orc warlord easily resists.
The orc warlord barely misses you.
You now have 4/21 mp.
Casting: Petrify (dangerous; 3% risk of failure)
Confirm with . or Enter, or press ? or * to list all spells.
Aiming: Petrify (dangerous; 3% risk of failure)
Press: ? - help, Shift-Dir - straight line, f/p - orc warlord
Aim: an orc warlord, wielding a +2 battleaxe and wearing a +0 plate armour (chance to affect: 34%)
The orc warlord easily resists.
The orc warlord hits you with a +2 battleaxe!!
* * * LOW HITPOINT WARNING * * *
You take 30 damage, and have 9/81 hp.
MASSIVE DAMAGE!!
You now have 0/21 mp.
Okay, then.
Okay, then.
The orc warlord attacks as you move away!
The orc warlord hits you with a +2 battleaxe!!!
You die...

* ~~.# ...∩... #†~~~...∩ ,
~~.# .........~#))~~...♣
~~~.# ~.8...8.~~#.)~~...♣
,###'###.......###'###..♣♣
,##....#~.8...8.~#).).##.♣
##.....#~~~~~~~~~#.....##♣
##......####~~~####......##
#..)8†..)..#o''#......8...#
#........).@..............#
#...............†.........#
##..8..8...........8..8..##
##.......#######.......##
##.....## ##.....## ##...##
##...## ##### #####


You could see an orc warlord.

Vanquished Creatures
  Grinder (D:6)
  A wyvern (D:7)
  2 steam dragons (D:8)
  2 water moccasins
  5 orc warriors (Bailey)
  A sky beast (D:7)
  An ogre (D:5)
  3 phantoms (D:6)
  A bullfrog (D:7)
  2 scorpions (D:5)
  2 necrophages (D:7)
  3 water moccasin zombies (Ossuary)
  3 wights (D:8)
  5 killer bees (D:5)
  2 howler monkeys
  A jelly (D:4)
  2 orc priests (D:5)
  A hound (D:4)
  5 iguanas
  2 gnoll boudas (D:7)
  6 orc wizards
  2 mummies (Ossuary)
  An adder (D:3)
  6 gnolls
  2 shadow imps
  2 white imps
  5 adder zombies (Ossuary)
  2 worms
  2 dart slugs
  23 orcs
  4 bats
  3 endoplasms
  A giant cockroach (D:1)
  5 gnoll zombies (Ossuary)
  11 goblins
  5 hobgoblins
  4 jackals (D:4)
  12 kobolds
  5 hobgoblin zombies (Ossuary)
  A kobold zombie (Ossuary)
  4 orc zombies (Ossuary)
  3 rats
154 creatures vanquished.

Vanquished Creatures (others)
  13 fungi (D:8)
13 creatures vanquished.

Grand Total: 167 creatures vanquished

Notes
Turn   | Place    | Note
-------+----------+-------------------------------------------
     0 | D:1      | Ofeo the Meteoran Earth Elementalist began the quest for
                  | the Orb.
     0 | D:1      | Reached XP level 1. HP: 14/14 MP: 5/5
    24 | D:1      | Found a faded altar of an unknown god.
    67 | D:1      | Reached XP level 2. HP: 5/20 MP: 3/6
   169 | D:2      | Reached XP level 3. HP: 26/26 MP: 2/8
   219 | D:4      | Noticed a howler monkey
   233 | D:2      | Killed a howler monkey
   234 | D:2      | Reached XP level 4. HP: 23/33 MP: 2/10
   301 | D:4      | Reached XP level 5. HP: 29/38 MP: 4/11
   304 | D:4      | Learned a level 2 spell: Passwall
   308 | D:4      | Learned a level 3 spell: Stone Arrow
   313 | D:4      | Learned a level 4 spell: Petrify
   370 | D:5      | Entered Level 5 of the Dungeon
   455 | D:4      | Reached skill level 1 in Fighting
   455 | D:4      | Reached XP level 6. HP: 33/47 MP: 6/12
   534 | D:4      | Found a sand-covered staircase.
   549 | Ossuary  | Entered an ossuary
   573 | Ossuary  | Reached XP level 7. HP: 41/52 MP: 8/14
   729 | Ossuary  | Reached skill level 5 in Earth Magic
   878 | D:5      | Found a staircase to the Ecumenical Temple.
   884 | Temple   | Entered the Ecumenical Temple
   947 | D:5      | Learned a level 4 spell: Iskenderun's Mystic Blast
   965 | D:5      | Reached XP level 8. HP: 40/62 MP: 9/16
   982 | D:5      | Reached skill level 5 in Spellcasting
  1047 | D:5      | Reached skill level 5 in Dodging
  1084 | D:5      | Found Uqeik's Assorted Antiques.
  1094 | D:5      | Bought a scroll labelled YGEGRI TELE for 29 gold pieces
  1150 | D:6      | Gained mutation: You passively map the area around you.
                  | [Meteoran growth]
  1150 | D:6      | Reached XP level 9. HP: 70/70 MP: 16/18
  1153 | D:6      | Reached skill level 5 in Transmutations
  1184 | D:7      | Identified the +2 ring mail of Catatonia {Str+7 Dex-5}
  1270 | D:6      | Found a radiant altar of Vehumet.
  1281 | D:6      | Became a worshipper of Vehumet
  1305 | D:6      | Noticed Grinder
  1312 | D:6      | Killed Grinder
  1348 | D:7      | Learned a level 4 spell: Hailstorm
  1544 | D:8      | Reached * piety under Vehumet
  1544 | D:8      | Offered knowledge of Magic Dart by Vehumet.
  1552 | D:8      | Reached XP level 10. HP: 22/80 MP: 4/21
  1553 | D:8      | Reached skill level 1 in Translocations
  1553 | D:8      | Reached skill level 1 in Ice Magic
  1582 | D:8      | Reached skill level 1 in Conjurations
  1616 | D:8      | Reached skill level 5 in Fighting
  1647 | D:8      | Found a sparkling altar of Nemelex Xobeh.
  1674 | D:8      | Found a blossoming altar of Fedhas.
  1910 | D:8      | Found a flagged portal.
  1921 | Bailey   | Entered a bailey
  1926 | Bailey   | Noticed an orc warlord
  2005 | Bailey   | Found a runed translucent gate.
  2006 | Bailey   | Found a runed translucent gate.
  2007 | Bailey   | Found a runed translucent gate.
  2066 | Bailey   | Annihilated by an orc warlord

Illustrated notes

Levels and vault maps discovered:
D:1:      lemuel_arrival_lava_pool, layout_basic,
          hellmonk_ecumenical_altar_blasted, minmay_misc_feat_five
D:2:      layout_basic, uniq_sigmund
D:3:      minmay_angry_zag, layout_basic, dk_xom_monty_hall,
          portal_sewer_entry_f
D:4:      layout_cave_pods, chequers_ossuary_entry_cave,
          minmay_large_rounded_square
D:5:      layout_cave_pools, minmay_temple_entry_hall, serial_shops,
          nicolae_shop_window_shopping
D:6:      layout_gridville, kennysheep_mini, nicolae_vehumet_radiance,
          lexackson_kobold_supper, uniq_grinder
D:7:      nzn_winding_woodlands_cross [nzn_winding_woodlands_5x15_concentric,
          nzn_winding_woodlands_5x15_default, nzn_winding_woodlands_5x15_zeroes,
          nzn_winding_woodlands_5x15_split_checker,
          nzn_winding_woodlands_15x15_boxy_spiral], layout_rooms,
          kennysheep_mini_moat
D:8:      layout_loops_corners, ashenzari_conservatory_becter,
          mainiacjoe_overflow_six_doors_small, mainiacjoe_overflow_tiny_flanked,
          enter_bailey_7, dreamdust_mushroom_princess
D:9:      layout_basic, erik_orc_3
Temple:   cyrus_circular_temple
Bailey:   bailey_axe_bossmonster_kennysheep, bailey

Skill      XL: |  1  2  3  4  5  6  7  8  9 10 |
---------------+-------------------------------+-----
Spellcasting   | 3 4 5 6 7 |  7.2
Dodging        | 3 4 5 6 7 |  7.1
Stealth        | 2 3 4 |  4.8
Transmutations | 2 3 4 6 |  6.0
Earth Magic    | 4 5 6 7 |  7.0
Fighting       | 1 2 3 4 5 |  5.4
Translocations | 2 |  2.4
Ice Magic      | 2 |  2.3
Conjurations   | 2 |  2.4

Action                   |  1- 3 |  4- 6 |  7- 9 | 10-12 || total
-------------------------+-------+-------+-------+-------++-------
Melee: Short sword       |       |       |   122 |    10 ||   132
       Punch             |       |       |     3 |       ||     3
 Cast: Sandblast         |    33 |    56 |   131 |    23 ||   243
       Stone Arrow       |       |       |    16 |    11 ||    27
       Iskenderun's Myst |       |       |       |    13 ||    13
       Petrify           |       |       |       |     5 ||     5
       Hailstorm         |       |       |       |     1 ||     1
  Use: Potion            |     2 |       |     6 |     2 ||    10
       Scroll            |     1 |     2 |     3 |     2 ||     8
Armor: Robe              |    10 |    26 |   107 |       ||   143
       Steam dragon scal |       |       |       |    11 ||    11
Dodge: Dodged            |    21 |    33 |   125 |    26 ||   205
